AoeStats
← Delusion

Arabia

509267494Analyzed
3v3 RM · 5d ago on Sep 26, 2026· 32m 45s· 6 players
Game mode
Random Map
Map size
Normal (6 player)
Population
200
Speed
Normal
Resources
Standard
Victory
Conquest
Starting age
Dark Age
Ending age
Imperial Age
RankedLock teamsTeams togetherTeam positionsShared explorationLock speedFull tech treeHidden civsTurbo modeCheats
Victory
Defeat
🇦🇷 Mongols · Argentina
1294
+14
🇦🇷 Ethiopians · Argentina
1241
+16
🇦🇷 Magyars · Argentina
1156
+18
🇲🇽 Franks · Mexico
1258
-17
🇲🇽 Ethiopians · Mexico
1258
-17
🇲🇽 Maya · Mexico
1185
-14
DISCOTECA VARELA
4:45 Loom
8:59 Feudal Age
15:09 Fletching
19:03 Padded Archer Armor
25:33 Castle Age
24:07 Double-Bit Axe
24:54 Town Watch
25:39 Crossbowman
26:15 Bodkin Arrow
26:34 Bow Saw
28:15 Leather Archer Armor
28:41 Leather Archer Armor
29:55 Ballistics
+m<ssi
8:09 Loom
10:44 Feudal Age
15:23 Castle Age
13:26 Double-Bit Axe
16:27 Bloodlines
16:17 Husbandry
16:49 Bow Saw
22:52 Husbandry
22:44 Town Watch
24:01 Scale Barding Armor
27:06 Forging
28:25 Chain Barding Armor
28:40 Iron Casting
31:40 Wheelbarrow
32:59 Hand Cart
32:48 Stone Mining
32:49 Gold Mining
32:40 Horse Collar
Delusion
9:33 Feudal Age
7:54 Loom
16:14 Double-Bit Axe
26:30 Castle Age
28:14 Gold Mining
31:39 Wheelbarrow
31:32 Stone Mining
31:50 Fletching
32:01 Padded Archer Armor
Berni
5:56 Loom
9:19 Feudal Age
9:45 Horse Collar
10:12 Double-Bit Axe
10:24 Gold Mining
16:30 Padded Archer Armor
21:39 Fletching
27:17 Castle Age
26:36 Wheelbarrow
27:53 Bodkin Arrow
28:14 Leather Archer Armor
27:24 Crossbowman
28:12 Thumb Ring
artsodiak
0:25 Loom
9:47 Feudal Age
10:18 Double-Bit Axe
12:27 Arson
17:43 Fletching
19:16 Horse Collar
30:55 Padded Archer Armor
35:18 Castle Age
Phoenician Furry
6:47 Loom
9:25 Feudal Age
10:07 Double-Bit Axe
17:50 Scale Barding Armor
21:12 Castle Age
19:47 Gold Mining
21:34 Forging
22:05 Husbandry
22:30 Chain Barding Armor
31:48 Iron Casting
31:16 Pikeman
Connection lost

Rejoining the realm…

Still unreachable

The connection could not be restored.

Session expired

The server has moved on; the page needs a fresh start.